 Dungeon Crawl Stone Soup version 0.25.1-1-g288607f5aa (webtiles) character file.

Game seed: 6919303155494396366

2767 BledDest the Fighter (level 9, -4/101 HPs)
             Began as an Ogre Hunter on July 28, 2020.
             Slain by a sixfirhy (8 damage)
             ... on level 7 of the Dungeon.
             The game lasted 00:14:45 (8349 turns).

BledDest the Fighter (Ogre Hunter)                  Turns: 8349, Time: 00:14:46

Health: -4/101     AC: 10    Str: 18    XL:     9   Next: 69%
Magic:  9/9        EV: 10    Int: 12    God:
Gold:   236        SH:  0    Dex: 12    Spells: 8/8 levels left

rFire    . . .     SeeInvis .   E - +2 flail (vorpal)
rCold    . . .     Gourm    .   (no shield)
rNeg     + . .     Faith    .   J - +1 acid dragon scales
rPois    .         Spirit   .   s - +1 hat
rElec    .         Reflect  .   u - +0 cloak
rCorr    +         Harm     .   (gloves unavailable)
MR       .....                  (boots unavailable)
Stlth    +.........             v - amulet of regeneration
HPRegen  0.66/turn              g - ring of positive energy
MPRegen  0.11/turn              (no ring)

@: no status effects
A: large, unfitting armour, tough skin 1
a: no special abilities


You were on level 7 of the Dungeon.
You were hungry.

You visited 1 branch of the dungeon, and saw 7 of its levels.

You collected 236 gold pieces.

Inventory:

Hand Weapons
 t - a +4 morningstar of holy wrath
 E - a +2 vorpal flail (weapon)
 F - a +0 giant spiked club
Missiles
 c - a large rock (quivered)
 d - 2 throwing nets
 e - 235 stones
 C - 13 poisoned darts
Armour
 b - a +0 robe
 s - a +1 hat (worn)
 u - a +0 cloak (worn)
 J - +1 acid dragon scales (worn)
Jewellery
 g - a ring of positive energy (left hand)
 v - an amulet of regeneration (around neck)
 A - an uncursed amulet of magic regeneration {unknown}
 G - a +6 ring of intelligence {unknown}
Wands
 j - a wand of random effects (20)
 x - a wand of flame (8)
Scrolls
 a - 4 scrolls of remove curse
 h - 4 scrolls of fear {unknown}
 p - a scroll of magic mapping {unknown}
 r - a scroll of fog {unknown}
 y - a scroll of blinking {unknown}
 z - a scroll of random uselessness {unknown}
 K - 2 scrolls of identify
 L - a scroll of teleportation
 M - 2 scrolls of enchant armour {unknown}
Potions
 i - a potion of degeneration {unknown}
 l - a potion of ambrosia {unknown}
 m - 2 potions of curing
 n - a potion of mutation {unknown}
 o - a potion of stabbing
 q - 3 potions of heal wounds
 w - 2 potions of lignification {unknown}
 B - a potion of berserk rage {unknown}
 D - a potion of brilliance {unknown}
 H - a potion of flight {unknown}
 I - a potion of haste
Comestibles
 f - 8 rations


   Skills:
 + Level 10.2 Fighting
 * Level 9.4 Maces & Flails
 - Level 4.0 Throwing
 + Level 1.0 Armour
 + Level 2.2 Dodging
 - Level 0.6 Stealth


You had 8 spell levels left.
You didn't know any spells.
Your spell library contained the following spells:

 Spells                   Type           Power        Failure   Level  Hunger
 Corona                   Hex            #......      41%         1    ##.....
 Foxfire                  Conj/Fire      #...         41%         1    ##.....
 Slow                     Hex            #.......     54%         2    ###....
 Confusing Touch          Hex            #.......     78%         3    ####...
 Conjure Flame            Conj/Fire      #.......     78%         3    ####...
 Gell's Gravitas          Tloc           #.........   78%         3    ####...
 Inner Flame              Hex/Fire       #.......     78%         3    ####...
 Portal Projectile        Hex/Tloc       #.....       78%         3    ####...
 Cause Fear               Hex            #.........   99%         4    #####..
 Leda's Liquefaction      Hex/Erth       #.........   99%         4    #####..
 Petrify                  Tmut/Erth      #.......     99%         4    #####..
 Sticky Flame             Conj/Fire      #.......     99%         4    #####..
 Fireball                 Conj/Fire      #.........   100%        5    ######.
 Metabolic Englaciation   Hex/Ice        #.........   100%        5    ######.
 Yara's Violent Unravell  Hex/Tmut       #.........   100%        5    ######.


Dungeon Overview and Level Annotations

Branches:
Dungeon (7/15)
 Temple: D:4-7

Altars:
Kikubaaqudgha
Ru

Shops:
D:4 =   D:5 (


Innate Abilities, Weirdness & Mutations

You are too large for most types of armour.
You have tough skin. (AC +1)


Message History

Press: ? - help, Shift-Dir - straight line, f/p - sixfirhy
Aim: a sixfirhy (moderately wounded)
You throw a large rock. The large rock hits the sixfirhy!!
The sixfirhy is severely wounded.
The sixfirhy barely misses you.
Throwing (i - inventory. (/) - cycle)
c - 2 large rocks (quivered)
Press: ? - help, Shift-Dir - straight line, f/p - sixfirhy
Aim: a sixfirhy (severely wounded)
You throw a large rock.
The large rock barely misses the sixfirhy.
The sixfirhy hits you.
* * * LOW HITPOINT WARNING * * *
The sixfirhy shocks you!
* * * LOW HITPOINT WARNING * * *
The sixfirhy hits you.
* * * LOW HITPOINT WARNING * * *
The sixfirhy shocks you!
* * * LOW HITPOINT WARNING * * *
The sixfirhy barely misses you. The sixfirhy hits you!
You die...

.....# .....# .....#
.....# .....# .....#
.....##################
......................#
................@.....#
................#3#...#
................#)#...+
................###...#
.............##.....###
.............#.......
...?.##+######.......#
.....# .. ... .....#


You could see a sixfirhy.

Vanquished Creatures
  Maggie (D:6)
  Edmund (D:5)
  An orc warrior (D:6)
  An ice beast (D:5)
  5 ogres
  3 centaurs
  3 bullfrogs (D:6)
  2 howler monkeys (D:4)
  2 crimson imps
  A centaur zombie (D:5)
  A bullfrog zombie (D:6)
  A hound (D:7)
  3 orc priests
  5 orc wizards
  Crazy Yiuf (D:3)
  A centaur skeleton (D:5)
  An iguana (D:7)
  Terence (D:2)
  Jessica (D:2)
  Natasha (thrice) (D:3)
  A bullfrog skeleton (D:6)
  6 worker ants
  A hound zombie (D:5)
  Robin (D:2)
  A worker ant zombie (D:6)
  11 gnolls
  9 adders
  A shadow imp (D:6)
  An ooze (D:4)
  An adder skeleton (D:3)
  2 adder zombies
  3 worms
  9 leopard geckos
  12 orcs
  A ball python (D:1)
  3 giant cockroaches
  18 goblins
  12 hobgoblins
  14 jackals
  8 kobolds
  6 quokkas
  5 bats
  5 frilled lizards
  A jackal skeleton (D:4)
  A quokka zombie (D:3)
  8 rats
179 creatures vanquished.

Vanquished Creatures (collateral kills)
  A howler monkey (D:6)
1 creature vanquished.

Vanquished Creatures (others)
  A scorpion (D:4)
  A bullfrog skeleton (D:6)
2 creatures vanquished.

Grand Total: 182 creatures vanquished

Notes
Turn   | Place    | Note
-------+----------+-------------------------------------------
     0 | D:1      | BledDest the Ogre Hunter began the quest for the Orb.
     0 | D:1      | Reached XP level 1. HP: 22/22 MP: 1/1
    48 | D:1      | Reached skill level 3 in Fighting
   327 | D:1      | Reached XP level 2. HP: 18/31 MP: 2/2
   935 | D:2      | Noticed Terence
  1112 | D:2      | Noticed Jessica
  1115 | D:2      | Killed Terence
  1115 | D:2      | Reached skill level 4 in Fighting
  1115 | D:2      | Reached skill level 1 in Maces & Flails
  1115 | D:2      | Reached XP level 3. HP: 34/39 MP: 3/3
  1116 | D:2      | Killed Jessica
  1116 | D:2      | Reached XP level 4. HP: 43/49 MP: 4/4
  1960 | D:2      | Noticed Robin
  2028 | D:2      | Killed Robin
  2051 | D:2      | HP: 2/49 [goblin[Robin] (4)]
  2610 | D:2      | Reached XP level 5. HP: 46/55 MP: 5/5
  2627 | D:2      | Reached skill level 5 in Fighting
  3840 | D:3      | Noticed Natasha
  3847 | D:3      | Killed Natasha
  3847 | D:3      | Reached XP level 6. HP: 63/66 MP: 6/6
  3923 | D:3      | Found a runed translucent door.
  3975 | D:3      | Noticed Crazy Yiuf
  3981 | D:3      | Killed Crazy Yiuf
  3981 | D:3      | Reached skill level 6 in Fighting
  4296 | D:3      | Noticed Natasha
  4305 | D:3      | Killed Natasha
  4329 | D:3      | Noticed Natasha
  4336 | D:3      | Killed Natasha
  4336 | D:3      | Reached XP level 7. HP: 52/75 MP: 7/7
  4808 | D:4      | Reached skill level 5 in Maces & Flails
  4819 | D:4      | Found an ancient bone altar of Kikubaaqudgha.
  4872 | D:4      | Reached skill level 7 in Fighting
  5033 | D:4      | Reached XP level 8. HP: 76/87 MP: 8/8
  5066 | D:4      | Found Goxtegix's Jewellery Shop.
  5503 | D:5      | Entered Level 5 of the Dungeon
  5682 | D:5      | Reached skill level 8 in Fighting
  5735 | D:5      | Found Paplul's Antique Weapon Shop.
  6383 | D:6      | Noticed Edmund
  6441 | D:5      | Killed Edmund
  6441 | D:5      | Reached skill level 9 in Fighting
  6441 | D:5      | Reached XP level 9. HP: 32/98 MP: 9/9
  7296 | D:6      | Noticed Maggie
  7309 | D:6      | Killed Maggie
  7309 | D:6      | Reached skill level 10 in Fighting
  8079 | D:7      | Found a sacrificial altar of Ru.
  8129 | D:7      | Reached skill level 1 in Armour
  8339 | D:7      | Found a runed translucent door.
  8339 | D:7      | Noticed a sixfirhy
  8349 | D:7      | HP: 4/101 [sixfirhy (12)]
  8349 | D:7      | Slain by a sixfirhy

Illustrated notes

Levels and vault maps discovered:
D:1:      tarquinn_simple_flora_water_d, layout_rooms,
          chequers_serial_rivers_small_a
D:2:      layout_basic, first_ration, uniq_robin, uniq_jessica, uniq_terence
D:3:      layout_basic, uniq_crazy_yiuf_cottage, uniq_natasha
D:4:      layout_loops_ring, kennysheep_mini_moat, serial_shops,
          nicolae_shop_window_shopping
D:5:      layout_basic, serial_shops, nicolae_shop_overgrown_old_shop
D:6:      layout_layer_cave, uniq_maggie, uniq_edmund
D:7:      cheibrodos_shockbox, layout_gridville, temple_hall,
          nicolae_ru_path_of_blood

Skill      XL: |  1  2  3  4  5  6  7  8  9 |
---------------+----------------------------+-----
Fighting       | 3 4 5 6 7 9 10 | 10.2
Maces & Flails | 1 2 3 4 6 8 9 |  9.4
Dodging        | 2 |  2.2
Armour         | 1 |  1.0
Throwing       | |  4.0
Stealth        | |  0.6

Action                   |  1- 3 |  4- 6 |  7- 9 || total
-------------------------+-------+-------+-------++-------
Melee: Short sword       |    33 |       |       ||    33
       Whip              |    30 |   320 |       ||   350
       Quarterstaff      |       |    33 |   142 ||   175
       Flail             |       |       |    99 ||    99
Throw: Large rock        |     4 |     9 |    14 ||    27
       Throwing net      |       |       |     1 ||     1
  Use: Scroll            |       |     7 |     1 ||     8
       Potion            |       |     1 |       ||     1
 Stab: Sleeping          |       |     1 |     3 ||     4
       Petrifying        |       |       |     1 ||     1
  Eat: Chunk             |     1 |    10 |     9 ||    20
       Ration            |       |       |     1 ||     1
Armor: Robe              |    25 |   119 |    63 ||   207
       Acid dragon scale |       |       |     9 ||     9
Dodge: Dodged            |    45 |   235 |   121 ||   401
